 Dungeon Crawl Stone Soup version 0.24-a0-489-g1c7b743 (webtiles) character file.

Game seed: 16171099170078365330

121 southernslant the Grave Robber (level 4, -4/42 HPs)
             Began as a Troll Necromancer on July 11, 2019.
             Slain by Robin
             ... wielding a +0 whip
              (5 damage)
             ... on level 3 of the Dungeon.
             The game lasted 00:08:08 (1301 turns).

southernslant the Grave Robber (Troll Necromancer)  Turns: 1301, Time: 00:08:09

Health: -4/42      AC:  6    Str: 16    XL:     4   Next: 77%
Magic:  4/6        EV: 10    Int: 11    God:
Gold:   72         SH:  0    Dex: 11    Spells: 5/7 levels left

rFire    . . .     SeeInvis .   r - +1 short sword (freeze)
rCold    . . .     Gourm    +   (no shield)
rNeg     . . .     Faith    .   a - +0 robe
rPois    .         Spirit   .   (helmet restricted)
rElec    .         Reflect  .   (no cloak)
rCorr    .         Harm     .   (gloves unavailable)
MR       .....                  (boots unavailable)
Stlth    +.........             (no amulet)
HPRegen  0.54/turn              (no ring)
MPRegen  0.10/turn              (no ring)

@: no status effects
A: large, unfitting armour, claws 3, fast metabolism 3, gourmand, regeneration
1, shaggy fur 1, tough skin 3
a: no special abilities


You were on level 3 of the Dungeon.
You were completely stuffed.

You visited 1 branch of the dungeon, and saw 3 of its levels.

You collected 72 gold pieces.

Inventory:

Hand Weapons
 g - a +1 dagger of protection
 r - a +1 short sword of freezing (weapon)
Missiles
 h - 61 stones (quivered)
 q - 3 boomerangs
Armour
 a - a +0 robe (worn)
 f - a +0 leather armour
 i - a +0 ring mail
 k - a +0 robe
 o - a +0 robe
Jewellery
 m - a cursed -5 ring of protection {unknown}
Scrolls
 b - 4 scrolls of remove curse {unknown}
 e - 4 scrolls of identify {unknown}
 j - a scroll of amnesia {unknown}
 p - a scroll of teleportation {unknown}
Comestibles
 c - 5 rations
 d - 13 chunks of flesh


   Skills:
 * Level 1.7 Fighting
 * Level 2.5 Dodging
 - Level 1.0 Stealth
 * Level 2.0 Spellcasting
 + Level 3.5 Necromancy


You had 5 spell levels left.
You knew the following spells:

 Your Spells              Type           Power        Failure   Level  Hunger
a - Pain                  Necr           #...         7%          1    ##.....
b - Animate Skeleton      Necr           N/A          7%          1    ##.....

Your spell library contained the following spells:

 Spells                   Type           Power        Failure   Level  Hunger
 Vampiric Draining        Necr           #.........   21%         3    ####...
 Regeneration             Chrm/Necr      #.........   38%         3    ####...
 Animate Dead             Necr           N/A          56%         4    #####..


Dungeon Overview and Level Annotations

Branches:
Dungeon (3/15)

Altars:

Annotations:
D:3 Robin


Innate Abilities, Weirdness & Mutations

You are too large for most types of armour.
You have claws for hands.
Your metabolism is lightning-fast.
You like to eat raw meat.
Your natural rate of healing is unusually fast.
You are covered in fur. (AC +1)
You have extremely tough skin. (AC +3)


Message History

The orc priest looks encouraged for a moment.
Casting: Animate Skeleton (safe; 7% risk of failure)
Confirm with . or Enter, or press ? or * to list all spells.
Aiming: Pain (safe; 7% risk of failure)
Press: ? - help, Shift-Dir - straight line, f - Robin
Aim: Robin, wielding a +0 whip, wearing a +0 animal skin and wearing a +0 helmet (heavily wounded, chance to defeat MR: 66%) Robin writhes in agony.
Robin closely misses you. The goblin hits you with a +0 dagger.
The orc priest invokes the aid of Beogh against you.
Beogh smites you!
* * * LOW HITPOINT WARNING * * *
Casting: Pain (safe; 7% risk of failure)
Confirm with . or Enter, or press ? or * to list all spells.
Aiming: Pain (safe; 7% risk of failure)
Press: ? - help, Shift-Dir - straight line, f/p - Robin
Aim: Robin, wielding a +0 whip, wearing a +0 animal skin and wearing a +0 helmet (severely wounded, chance to defeat MR: 66%) Robin writhes in agony.
The goblin hits you with a +0 club.
* * * LOW HITPOINT WARNING * * *
Robin hits you with a +0 whip.
You die...

#.#.. #.#..#.#
#.#..# #.#..#.###
....# #.........
#...# #.........
#...######.........
#..#....#...<[....
#..#....#....)....
#gg.....+.........
#@##....##........
##g#.....''........
#go......##........
#........##........
#..).....##........
##.#!....##########
#.#.....# #o#.#####
..#.#


You could see Robin, an orc priest, an orc, a hobgoblin and 2 goblins.

Vanquished Creatures
  Terence (D:2)
  3 adders (D:2)
  A worm (D:2)
  A dart slug (D:2)
  A leopard gecko (D:2)
  2 orcs (D:3)
  6 bats
  4 giant cockroaches
  12 goblins
  8 hobgoblins
  A jackal (D:1)
  4 frilled lizards
  2 kobolds
  5 rats
51 creatures vanquished.

Vanquished Creatures (collateral kills)
  A dart slug (D:1)
  2 leopard geckos (D:1)
  2 orcs (D:2)
  A goblin (D:1)
  A hobgoblin (D:2)
  A jackal (D:1)
  2 kobolds (D:2)
  A quokka (D:2)
  3 bats (D:1)
14 creatures vanquished.

Grand Total: 65 creatures vanquished

Notes
Turn   | Place    | Note
-------+----------+-------------------------------------------
     0 | D:1      | southernslant the Troll Necromancer began the quest for the
                  | Orb.
     0 | D:1      | Reached XP level 1. HP: 16/16 MP: 1/1
    62 | D:1      | Learned a level 1 spell: Animate Skeleton
    83 | D:1      | Reached XP level 2. HP: 10/26 MP: 0/3
   330 | D:1      | Reached XP level 3. HP: 32/32 MP: 4/4
   591 | D:2      | Reached skill level 1 in Fighting
   799 | D:2      | Reached XP level 4. HP: 30/41 MP: 5/5
   826 | D:2      | Noticed Terence
   854 | D:2      | Killed Terence
  1289 | D:3      | Noticed Robin
  1301 | D:3      | HP: 1/42 [goblin/+0 club[Robin] (2)]
  1301 | D:3      | Slain by Robin

Levels and vault maps discovered:
D:1:      minmay_arrival_checkered_box, layout_rooms
D:2:      layout_rooms, uniq_terence
D:3:      kennysheep_big_flooded_room, layout_basic, first_ration, uniq_robin

Skill      XL: |  1  2  3  4 |
---------------+-------------+-----
Dodging        | 2 |  2.5
Fighting       | 1 |  1.7
Spellcasting   | 2 |  2.0
Stealth        | |  1.0
Necromancy     | |  3.5

Action                   |  1- 3 |  4- 6 || total
-------------------------+-------+-------++-------
Melee: Club              |    34 |       ||    34
       Spear             |     6 |       ||     6
       Dagger            |   131 |    51 ||   182
       Short sword       |       |    22 ||    22
 Cast: Animate Skeleton  |    17 |     8 ||    25
       Pain              |     6 |     3 ||     9
  Eat: Chunk             |    14 |     5 ||    19
Armor: Robe              |    85 |    24 ||   109
Dodge: Dodged            |   127 |    33 ||   160

Table legend:
 A = Non-vault XP
 B = Vault XP
 C = Vault XP percentage of total XP
 D = Non-vault monster count
 E = Vault monster count
 F = Vault count percentage of total count
                 A         B        C        D         E       F
            +---------+---------+-------+---------+---------+-------
      Total |     136 |      38 |  21.8 |      58 |       7 |  10.8
            +---------+---------+-------+---------+---------+-------
        D:1 |      47 |       0 |   0.0 |      29 |       0 |   0.0
        D:2 |      82 |      27 |  24.8 |      26 |       1 |   3.7
        D:3 |       7 |      11 |  61.1 |       3 |       6 |  66.7
            +---------+---------+-------+---------+---------+-------
